 Dungeon Crawl Stone Soup version 0.21-a0-421-gfc1ce30 (webtiles) character file.

494 zxpr0jk the Ducker (level 7, -7/46 HPs)
             Began as a Halfling Gladiator on Nov 4, 2017.
             Splashed by an oklob sapling's acid (12 damage)
             ... on level 4 of the Dungeon.
             The game lasted 00:05:49 (3090 turns).

zxpr0jk the Ducker (Halfling Gladiator)             Turns: 3090, Time: 00:05:51

Health: -7/46      AC:  5    Str: 15    XL:     7   Next: 38%
Magic:  7/7        EV: 18    Int:  6    God:
Gold:   168        SH:  0    Dex: 18    Spells: 6/6 levels left

rFire    + . .     SeeInvis .   a - +0 long sword
rCold    . . .     Gourm    .   (shield restricted)
rNeg     . . .     Faith    .   y - +1 leather armour {MR+}
rPois    .         Spirit   .   c - +0 helmet
rElec    .         Reflect  .   (no cloak)
rCorr    .         Harm     .   (no gloves)
MR       +....                  (no boots)
Stlth    +.........             v - amulet of magic regeneration
HPRegen  0.15/turn              q - ring of protection from fire
MPRegen  0.35/turn              (no ring)

@: no status effects
A: mutation resistance 1
a: no special abilities


You were on level 4 of the Dungeon.
You were not hungry.

You visited 1 branch of the dungeon, and saw 4 of its levels.

You collected 168 gold pieces.

Inventory:

Hand Weapons
 a - a +0 long sword (weapon)
Missiles
 n - 136 stones
 C - 5 tomahawks (quivered)
Armour
 c - a +0 helmet (worn)
 y - a +1 leather armour of magic resistance (worn)
Jewellery
 q - a ring of protection from fire (left hand)
 v - an amulet of magic regeneration (around neck)
Wands
 u - a wand of paralysis (5/24)
Scrolls
 e - 3 scrolls of teleportation {unknown}
 g - 2 scrolls of magic mapping {unknown}
 p - 4 scrolls of identify {unknown}
 t - a scroll of noise {unknown}
 x - 4 scrolls of remove curse {unknown}
Potions
 d - a potion of berserk rage {unknown}
 h - a potion of mutation {unknown}
 i - a potion of cancellation {unknown}
 k - a potion of magic {unknown}
 l - 5 potions of degeneration {unknown}
 m - 4 potions of flight {unknown}
 s - 2 potions of lignification {unknown}
 w - a potion of might {unknown}
 z - a potion of agility {unknown}
 A - a potion of brilliance {unknown}
Comestibles
 f - 2 bread rations
 o - a fruit
 r - a royal jelly
 B - 2 chunks of flesh


   Skills:
 + Level 3.3 Fighting
 * Level 5.4 Long Blades
 - Level 2.0 Throwing
 * Level 6.0 Dodging


You had 6 spell levels left.
You didn't know any spells.

Dungeon Overview and Level Annotations

Branches:
Dungeon (4/15)             Temple (0/1) D:4

Altars:
Elyvilon
Hepliaklqana
Okawaru
Uskayaw

Annotations:
D:4 exclusion: oklob sapling


Innate Abilities, Weirdness & Mutations

You are small and have problems with some larger weapons.
You are somewhat resistant to further mutation.


Message History

The oklob sapling is heavily damaged.
You hit the oklob sapling but do no damage.
The oklob sapling is heavily damaged.
The oklob sapling spits acid at you. The splash of acid misses you.
The splash of acid hits the plant.
The plant is splashed with acid.
You hit the oklob sapling but do no damage.
The oklob sapling is heavily damaged.
You hit the oklob sapling.
The oklob sapling is heavily damaged.
You are no longer corroded.
You hit the oklob sapling but do no damage.
The oklob sapling is heavily damaged.
You hit the oklob sapling.
The oklob sapling is severely damaged.
The oklob sapling spits acid at you. The splash of acid hits you!
* * * LOW HITPOINT WARNING * * *
You are splashed with acid!
The acid burns!
You die...

+........'...........
#.##..##.##.##<....
#.##.)##.#..##..##
#........#......#
####++########.##
#.[..# ##.##.###
#..PP.P.# #.PPP@..#


#P.PPPPP..# #PPP>.P...# #.P..PP...# .?.PPPP....# .##P.P..P..... ###.......###
##.....$# You could see an oklob sapling.

Vanquished Creatures
  Grinder (D:3)
  A centaur (D:3)
  An orc priest (D:3)
  9 adders
  An ooze (D:3)
  2 worms (D:3)
  3 dart slugs
  2 leopard geckos (D:1)
  12 orcs
  A giant cockroach (D:1)
  9 hobgoblins
  6 jackals (D:3)
  3 ball pythons
  6 bats
  3 frilled lizards
  8 goblins
  6 kobolds
  5 rats
  A plant (D:4)
80 creatures vanquished.

Notes
Turn   | Place    | Note
-------+----------+-------------------------------------------
     0 | D:1      | zxpr0jk the Halfling Gladiator began the quest for the Orb.
     0 | D:1      | Reached XP level 1. HP: 14/14 MP: 1/1
   190 | D:1      | Reached XP level 2. HP: 18/19 MP: 2/2
   359 | D:1      | Reached XP level 3. HP: 24/24 MP: 3/3
   647 | D:2      | Reached skill level 4 in Dodging
   783 | D:2      | Found a white marble altar of Elyvilon.
   859 | D:2      | Reached XP level 4. HP: 29/29 MP: 4/4
  1094 | D:2      | Found an iron altar of Okawaru.
  1382 | D:2      | Found a hide-covered altar of Uskayaw.
  1667 | D:3      | Reached XP level 5. HP: 32/35 MP: 5/5
  1707 | D:3      | Noticed a centaur
  1725 | D:3      | Killed a centaur
  1725 | D:3      | Reached skill level 5 in Dodging
  1943 | D:3      | Noticed Grinder
  1964 | D:3      | Paralysed by Grinder for 5 turns
  1974 | D:3      | Paralysed by Grinder for 4 turns
  1982 | D:3      | Killed Grinder
  1982 | D:3      | Reached skill level 5 in Long Blades
  1982 | D:3      | Reached XP level 6. HP: 33/42 MP: 6/6
  1982 | D:3      | Reached XP level 7. HP: 36/46 MP: 7/7
  2275 | D:3      | Found a hazy altar of Hepliaklqana.
  2429 | D:3      | Reached skill level 6 in Dodging
  3023 | D:4      | Found a staircase to the Ecumenical Temple.
  3090 | D:4      | Splashed by an oklob sapling's acid

Vault maps used:
D:1:      roderic_crossed_star
D:2:      nicolae_overflow_hidden_temple, kennysheep_okawaru_gauntlet,
          nicolae_overflow_crystal_walls
D:3:      lemuel_doored_altar, uniq_grinder
D:4:      minmay_temple_entry_oklob, first_bread, kennysheep_generic_room_5

Skill      XL: |  1  2  3  4  5  6  7 |
---------------+----------------------+-----
Fighting       | 2 3 |  3.3
Dodging        | 4 5 6 |  6.0
Long Blades    | 4 5 |  5.4
Throwing       | |  2.0

Action                   |  1- 3 |  4- 6 |  7- 9 || total
-------------------------+-------+-------+-------++-------
Melee: Long sword        |    64 |    87 |   148 ||   299
Throw: Stone             |    16 |     6 |     4 ||    26
       Throwing net      |       |     6 |       ||     6
       Tomahawk          |       |       |     2 ||     2
  Use: Potion            |       |     1 |     1 ||     2
 Stab: Sleeping          |     2 |       |     1 ||     3
       Held in net/web   |       |     3 |       ||     3
  Eat: Chunk             |       |     3 |     5 ||     8
Armor: Leather armour    |    20 |    29 |    20 ||    69
Dodge: Dodged            |    60 |   100 |    95 ||   255
       Rpst.: Long sword |    15 |    27 |    29 ||    71

Table legend:
 A = Spawn XP
 B = Non-spawn XP
 C = Spawn XP percentage of total XP
 D = Spawn monster count
 E = Non-spawn monster count
 F = Spawn count percentage of total count
 G = Total turns spent on level
                    A         B        C        D         E        F      G
               +---------+---------+-------+---------+---------+-------+---------
         Total |       0 |     706 |   0.0 |       0 |      79 |   0.0 |  3090
               +---------+---------+-------+---------+---------+-------+---------
           D:1 |       0 |      43 |   0.0 |       0 |      23 |   0.0 |   616
           D:2 |       0 |      67 |   0.0 |       0 |      12 |   0.0 |   863
           D:3 |       0 |     566 |   0.0 |       0 |      40 |   0.0 |  1416
           D:4 |       0 |      30 |   0.0 |       0 |       4 |   0.0 |   195
               +---------+---------+-------+---------+---------+-------+---------
